 Dungeon Crawl Stone Soup version 0.24-b1 (webtiles) character file.

Game seed: 6253876740304960914, levelgen mode: deterministic

32202 Peloso the Fencer (level 13, 0/115 HPs)
             Began as a Minotaur Fighter on Oct 13, 2019.
             Was the Champion of Okawaru.
             Slain by a hell rat (9 damage)
             ... on level 4 of the Lair of Beasts.
             The game lasted 00:40:15 (14463 turns).

Peloso the Fencer (Minotaur Fighter)               Turns: 14463, Time: 00:40:15

Health: 0/115      AC: 22    Str: 25    XL:     13   Next: 30%
Magic:  13/13      EV: 12    Int:  9    God:    Okawaru [******]
Gold:   1133       SH:  0    Dex: 11    Spells: 12/12 levels left

rFire    . . .     SeeInvis .   H - +0 battleaxe (flame)
rCold    + . .     Gourm    .   (shield currently unavailable)
rNeg     + . .     Faith    .   M - quicksilver dragon scales "Konegup" {rC+ rN+ MR+ Int+4}
rPois    .         Spirit   .   (helmet restricted)
rElec    .         Reflect  .   T - +1 cloak
rCorr    .         Harm     .   (no gloves)
MR       ++...                  j - +1 pair of boots
Stlth    +.........             (no amulet)
HPRegen  0.29/turn              l - +5 ring of protection
MPRegen  0.13/turn              m - ring of protection from magic

@: heavily drained
A: retaliatory headbutt, horns 2
a: Heroism, Finesse, Renounce Religion


You were on level 4 of the Lair of Beasts.
You worshipped Okawaru.
Okawaru was exalted by your worship.
You were not hungry.

You visited 2 branches of the dungeon, and saw 15 of its levels.
You also visited: Ossuary and Volcano.

You collected 1294 gold pieces.
You spent 161 gold pieces at shops.

Inventory:

Hand Weapons
 a - a +4 falchion
 H - a +0 battleaxe of flaming (weapon)
Armour
 b - a +0 chain mail
 c - a +0 shield
 j - a +1 pair of boots (worn)
 q - a +1 cloak
 E - a +0 plate armour
 L - a +1 chain mail of fire resistance
 M - the quicksilver dragon scales "Konegup" (worn) {rC+ rN+ MR+ Int+4}
   (Okawaru gifted it to you in a volcano)

   It affects your intelligence (+4).
   It protects you from cold.
   It protects you from negative energy.
   It affects your resistance to hostile enchantments.
 T - a +1 cloak (worn)
Jewellery
 l - a +5 ring of protection (left hand)
 m - a ring of protection from magic (right hand)
 r - an uncursed ring of resist corrosion
 t - a +2 ring of evasion
 F - an uncursed ring of ice
 R - an uncursed ring of stealth {unknown}
 S - an uncursed amulet of magic regeneration {unknown}
Wands
 e - a wand of scattershot (4)
 o - a wand of paralysis (16)
 p - a wand of iceblast (35)
 y - a wand of acid (5)
 P - a wand of disintegration (11)
Scrolls
 h - 4 scrolls of enchant weapon
 k - 11 scrolls of remove curse
 n - 3 scrolls of magic mapping
 s - a scroll of summoning
 v - a scroll of enchant armour
 x - 5 scrolls of teleportation
 z - a scroll of amnesia
 G - a scroll of acquirement
 J - a scroll of fear
 N - 4 scrolls of identify
 O - a scroll of fog
 W - a scroll of noise {unknown}
 X - a scroll of blinking {unknown}
Potions
 d - a potion of magic
 w - 3 potions of brilliance
 A - a potion of flight
 B - 6 potions of curing
 C - a potion of cancellation
 D - a potion of haste
 I - a potion of mutation {unknown}
 K - 3 potions of might
 Q - a potion of berserk rage {unknown}
 U - 2 potions of agility {unknown}
Miscellaneous
 g - a lamp of fire
 i - a lamp of fire
 V - a lightning rod (4/4)
Comestibles
 f - 27 rations


   Skills:
 + Level 10.9(8.3) Fighting
 + Level 15.0(12.1) Long Blades
 + Level 4.5(2.2) Axes
 + Level 12.2(9.4) Armour
 + Level 5.2(3.0) Dodging
 + Level 1.1(0.0) Stealth
 + Level 13.9(11.0) Shields
 + Level 2.3(0.2) Invocations
 + Level 0.9(0.0) Evocations


You had 12 spell levels left.
You didn't know any spells.
Your spell library contained the following spells:

 Spells                   Type           Power        Failure   Level  Hunger
 Magic Dart               Conj           #...         50%         1    ##.....
 Searing Ray              Conj           #.....       65%         2    ###....
 Dazzling Spray           Conj/Hex       #.....       86%         3    ####...
 Force Lance              Conj/Tloc      #.......     99%         4    #####..
 Fulminant Prism          Conj/Hex       #.........   99%         4    #####..
 Iskenderun's Mystic Bla  Conj           #.......     99%         4    #####..


Dungeon Overview and Level Annotations

Branches:
Dungeon (11/15)            Temple (0/1) D:7            Lair (4/6) D:8
 Shoals (0/4) Lair:4          Orc (0/2) D:9         Ossuary (visited)
Volcano (visited)
  Snake: Lair:2-4    Spider: Lair:2-4

Altars:
Ashenzari
Cheibriados
Dithmenos
Elyvilon
Fedhas
Gozag
Hepliaklqana
Okawaru
Qazlal
Ru
Trog
Uskayaw
Xom
Yredelemnul
Zin
The Shining One

Shops:
D:5 ?

Portals:
Trove: D:11 (give 4 scrolls of blinking)

Annotations:
D:10 1 runed translucent door


Innate Abilities, Weirdness & Mutations

You reflexively headbutt those who attack you in melee.
You have a pair of horns on your head.


Message History

You closely miss the river rat.
The hell rat bites you but does no damage.
The river rat closely misses you. The hell rat barely misses you.
You furiously retaliate!
You headbutt the hell rat.
The river rat bites you but does no damage.
You barely miss the hell rat. Your headbutt misses the hell rat.
The hell rat is almost dead.
You closely miss the river rat. The hell rat bites you.
* * * LOW HITPOINT WARNING * * *
You partially resist.
You feel drained.
* * * LOW HITPOINT WARNING * * *
The river rat closely misses you. You furiously retaliate!
You headbutt the river rat.
You kill the river rat!
Okawaru accepts your kill. The hell rat bites you.
* * * LOW HITPOINT WARNING * * *
You partially resist.
You feel drained.
You feel better. The hell rat bites you!
You die...

...#.#
##..)##.###.##.......#.
##..###
#.†##.#.####.#...#..#.
.#+##P##
#..##††.##...#..#....
.#.....#
#..##†.......#..##...
.P.....#
##.##...'....##.. ...
.......# #.##...#..###
..# .. #.P##..#
#.####.####
.......####..###+#
..#.#..P........@#
.......+........r†rr...#
..<..##......+...##+#.##
.......####..##.+.#
#P+#.### ##.####.##
##..## #...# .# #...##
##.## .# ##...#####.# ..
##.....#.#..#


You could see a hell rat, a river rat and a rat.

Vanquished Creatures
  Gastronok (D:9)
  A fire dragon (Volcano)
  5 hydras
  A vault guard (D:11)
  A two-headed ogre (D:11)
  2 unseen horrors (D:11)
  A lindwurm (Volcano)
  2 ugly things (D:11)
  The ghost of bmj180 the Digger, a novice GrEE (D:5)
  A black mamba (Lair:3)
  Maurice (D:11)
  2 spiny frogs
  2 molten gargoyles (Volcano)
  3 komodo dragons
  3 trolls (D:11)
  10 blink frogs
  Prince Ribbit (Lair:3)
  3 hippogriffs
  3 basilisks
  7 wraiths
  23 yaks
  15 fire bats
  2 wyverns (D:11)
  2 hungry ghosts
  A human (D:7)
  3 hogs (D:7)
  5 water moccasins
  A soldier ant (D:11)
  A hell hound (Volcano)
  6 porcupines
  3 sky beasts
  6 black bears
  2 ice beasts
  5 orc warriors
  3 necrophages
  3 phantoms
  An eye of draining (D:11)
  6 ogres
  5 centaurs
  A crocodile (Lair:3)
  Blork the orc (D:4)
  18 bullfrogs
  An elf skeleton (D:6)
  A wyvern skeleton (D:9)
  A scorpion (D:8)
  7 killer bees
  10 wights
  2 electric eels
  2 howler monkeys
  6 crimson imps
  2 bullfrog zombies
  7 lava snakes (Volcano)
  2 quasits
  A centaur zombie (D:9)
  3 jellies
  5 orc priests
  3 human zombies
  9 hounds
  A centaur skeleton (D:10)
  A bullfrog skeleton (D:5)
  4 human skeletons (D:6)
  4 iguanas
  2 orc wizards
  2 worker ants
  2 hell rats (Lair:4)
  6 ogre zombies (D:9)
  3 big kobold zombies (Ossuary)
  A hound skeleton (D:5)
  2 mummies (Ossuary)
  A howler monkey zombie (D:8)
  4 worker ant zombies
  13 gnolls
  4 river rats (Lair:4)
  12 adders
  2 shadow imps
  An ooze (D:2)
  An adder skeleton (D:8)
  3 worms
  5 leopard geckos
  26 orcs
  13 giant cockroaches
  7 goblins
  7 hobgoblins
  19 jackals
  5 quokkas
  19 bats
  11 frilled lizards
  4 gnoll zombies (Ossuary)
  A goblin skeleton (D:9)
  2 hobgoblin skeletons (D:9)
  8 hobgoblin zombies
  A jackal skeleton (D:5)
  8 kobolds
  A leopard gecko zombie (D:5)
  7 orc skeletons
  11 orc zombies
  2 quokka skeletons
  8 rats
460 creatures vanquished.

Vanquished Creatures (others)
  3 fungi
  A plant (Lair:1)
4 creatures vanquished.

Grand Total: 464 creatures vanquished

Notes
Turn   | Place    | Note
-------+----------+-------------------------------------------
     0 | D:1      | Peloso the Minotaur Fighter began the quest for the Orb.
     0 | D:1      | Reached XP level 1. HP: 19/19 MP: 0/0
    70 | D:1      | Reached XP level 2. HP: 15/27 MP: 1/1
   604 | D:1      | Reached XP level 3. HP: 33/33 MP: 2/2
   920 | D:2      | Found a snail-covered altar of Cheibriados.
  1103 | D:2      | Reached skill level 3 in Long Blades
  1186 | D:2      | Reached XP level 4. HP: 37/40 MP: 3/3
  1626 | D:3      | Reached skill level 4 in Long Blades
  1626 | D:3      | Reached XP level 5. HP: 47/47 MP: 4/4
  1637 | D:3      | Reached skill level 1 in Dodging
  2045 | D:3      | Found an opulent altar of Gozag.
  2227 | D:4      | Noticed Blork the orc
  2236 | D:4      | Killed Blork the orc
  2236 | D:4      | Reached skill level 5 in Armour
  2236 | D:4      | Reached skill level 5 in Shields
  2236 | D:4      | Reached XP level 6. HP: 45/55 MP: 5/5
  2331 | D:4      | Got an iridescent quarterstaff
  2728 | D:5      | Entered Level 5 of the Dungeon
  2811 | D:5      | Reached skill level 5 in Fighting
  2811 | D:5      | Reached skill level 5 in Long Blades
  2934 | D:5      | Reached XP level 7. HP: 49/61 MP: 6/6
  2993 | D:5      | Found Eddaedu's Magic Scroll Shoppe.
  3002 | D:5      | Reached skill level 6 in Long Blades
  3013 | D:5      | Bought a scroll of enchant armour for 105 gold pieces
  3013 | D:5      | Bought a scroll of identify for 28 gold pieces
  3013 | D:5      | Bought a scroll of identify for 28 gold pieces
  3106 | D:5      | Found a bloodstained altar of Trog.
  3112 | D:5      | Found a runed translucent door.
  3159 | D:5      | Found a glowing silver altar of Zin.
  3289 | D:5      | Noticed bmj180's ghost (novice GrEE)
  3341 | D:5      | Identified the +4 quarterstaff "Dusmonaku" {flame, *Drain
                  | Str-2 Int+8} (You found it on level 4 of the Dungeon)
  3405 | D:5      | Found a stormy altar of Qazlal.
  3406 | D:5      | Found a shadowy altar of Dithmenos.
  3693 | D:6      | Reached skill level 7 in Long Blades
  3695 | D:6      | Found a sand-covered staircase.
  3700 | Ossuary  | Entered an ossuary
  3717 | Ossuary  | Reached XP level 8. HP: 70/70 MP: 7/7
  4011 | D:6      | Reached skill level 8 in Long Blades
  4202 | D:6      | Reached skill level 9 in Long Blades
  4449 | D:7      | Reached XP level 9. HP: 66/78 MP: 8/8
  4618 | D:7      | Found a glowing golden altar of the Shining One.
  4698 | D:7      | Found a shattered altar of Ashenzari.
  4708 | D:7      | Found an iron altar of Okawaru.
  4714 | D:7      | Became a worshipper of Warmaster Okawaru
  4761 | D:7      | Reached skill level 10 in Long Blades
  4860 | D:7      | Reached * piety under Okawaru
  4907 | D:7      | Found a blossoming altar of Fedhas.
  4957 | D:7      | Reached skill level 11 in Long Blades
  5094 | D:7      | Found Restrar's Armour Shoppe.
  5247 | D:7      | Found a staircase to the Ecumenical Temple.
  5253 | D:7      | Reached ** piety under Okawaru
  5421 | D:8      | Reached XP level 10. HP: 85/85 MP: 9/9
  5507 | D:8      | Found a sacrificial altar of Ru.
  5783 | D:8      | Reached *** piety under Okawaru
  6029 | D:8      | Found a staircase to the Lair.
  6301 | D:9      | Found a hide-covered altar of Uskayaw.
  6438 | D:9      | Found a staircase to the Orcish Mines.
  6458 | D:9      | Reached skill level 12 in Long Blades
  6629 | D:9      | Noticed a five-headed hydra
  6849 | D:9      | Noticed Gastronok
  6869 | D:9      | Killed Gastronok
  6869 | D:9      | Reached **** piety under Okawaru
  6869 | D:9      | Reached skill level 10 in Shields
  7057 | D:10     | Entered Level 10 of the Dungeon
  7141 | D:10     | Reached XP level 11. HP: 83/94 MP: 10/10
  7256 | D:10     | Reached skill level 13 in Long Blades
  7428 | D:10     | Reached ***** piety under Okawaru
  7629 | D:10     | Found a runed translucent door.
  7651 | D:10     | Found an iron altar of Okawaru.
  7660 | D:10     | Found a white marble altar of Elyvilon.
  7667 | D:10     | Found a hazy altar of Hepliaklqana.
  7670 | D:10     | Found a glowing golden altar of the Shining One.
  7759 | D:10     | Found a basalt altar of Yredelemnul.
  7779 | D:10     | Found a shimmering altar of Xom.
  7933 | D:10     | Noticed a flayed ghost
  8103 | D:11     | Received a gift from Okawaru
  8248 | D:11     | Noticed a two-headed ogre
  8264 | D:11     | Killed a two-headed ogre
  8285 | D:11     | Noticed a cyan ugly thing
  8297 | D:11     | Killed a cyan ugly thing
  8297 | D:11     | Reached skill level 14 in Long Blades
  8366 | D:11     | Killed an unseen horror
  8395 | D:11     | Noticed a vault guard
  8621 | D:11     | Reached skill level 10 in Armour
  8905 | D:11     | Killed a vault guard
  8905 | D:11     | Reached skill level 1 in Invocations
  9045 | D:11     | Killed an unseen horror
  9072 | D:11     | Reached XP level 12. HP: 45/104 MP: 11/11
  9088 | D:11     | HP: 3/104 [orc priest/divine providence (17)]
  9440 | D:11     | Noticed Maurice
  9487 | D:11     | Killed Maurice
  9795 | D:11     | Found a portal to a secret trove of treasure.
  9804 | D:11     | Identified a scroll of acquirement
 10145 | D:5      | Killed bmj180's ghost
 10261 | Lair:1   | Entered Level 1 of the Lair of Beasts
 10356 | Lair:1   | Noticed a six-headed hydra
 10398 | Lair:2   | Found a dark tunnel.
 10407 | Volcano  | Entered a volcano
 10663 | Volcano  | Found a burning altar of Makhleb.
 10924 | Volcano  | Noticed a fire dragon
 10960 | Volcano  | Killed a fire dragon
 10960 | Volcano  | Reached ****** piety under Okawaru
 10960 | Volcano  | Received a gift from Okawaru
 10960 | Volcano  | Reached skill level 10 in Fighting
 10989 | Volcano  | Got dazzling quicksilver dragon scales {god gift}
 11000 | Volcano  | Identified the quicksilver dragon scales "Konegup" {rC+ rN+
                  | MR+ Int+4} (Okawaru gifted it to you in a volcano)
 11088 | Lair:1   | Killed a one-headed hydra
 11602 | Lair:1   | Reached skill level 1 in Axes
 11740 | Lair:1   | Noticed an eight-headed hydra
 11750 | Lair:1   | Killed a five-headed hydra
 11808 | Lair:1   | Found a bloodstained altar of Trog.
 12737 | Lair:3   | Noticed Prince Ribbit
 12765 | Lair:3   | Noticed a six-headed hydra
 12794 | Lair:2   | Killed a one-headed hydra
 12794 | Lair:2   | Reached XP level 13. HP: 44/114 MP: 11/13
 13305 | Lair:3   | Killed Prince Ribbit
 13422 | Lair:3   | Reached skill level 1 in Stealth
 13954 | Lair:3   | Reached skill level 5 in Dodging
 14238 | Lair:4   | Reached skill level 15 in Long Blades
 14281 | Lair:4   | Received a gift from Okawaru
 14307 | Lair:4   | Got a shimmering broad axe {god gift}
 14308 | Lair:4   | Identified the +12 broad axe of Spite {chop, *Drain +Blink
                  | rN+ Int+2} (Okawaru gifted it to you on level 4 of the Lair
                  | of Beasts)
 14419 | Lair:4   | Found a staircase to the Shoals.
 14457 | Lair:4   | HP: 3/115 [hell rat (6)]
 14462 | Lair:4   | HP: 5/115 [hell rat (6)]
 14462 | Lair:4   | HP: 2/115 [hell rat (2)]
 14463 | Lair:4   | Slain by a hell rat

Skill      XL: |  1  2  3  4  5  6  7  8  9 10 11 12 13 |
---------------+----------------------------------------+-----
Fighting       | 4 5 6 7 8 9 10 | 10.9
Armour         | 4 5 6 8 9 10 11 12 | 12.2
Shields        | 4 5 6 7 8 10 12 13 | 13.9
Long Blades    | 3 4 5 7 9 11 12 14 15 | 15.0
Dodging        | 1 2 3 4 5 |  5.2
Invocations    | 1 2 |  2.3
Axes           | 3 4 |  4.5
Stealth        | 1 |  1.1
Evocations     | |  0.9

Action                   |  1- 3 |  4- 6 |  7- 9 | 10-12 | 13-15 || total
-------------------------+-------+-------+-------+-------+-------++-------
Melee: Long sword        |   106 |   194 |    52 |       |       ||   352
       Headbutt          |    14 |    36 |    93 |   255 |    41 ||   439
       Falchion          |       |       |   351 |  1038 |   138 ||  1527
       Battleaxe         |       |       |       |    28 |    26 ||    54
       Punch             |       |       |       |     1 |       ||     1
Invok: Heroism           |       |       |       |    13 |     1 ||    14
       Finesse           |       |       |       |     1 |       ||     1
Evoke: Wand              |       |       |       |     3 |       ||     3
  Use: Potion            |       |     5 |       |     4 |     2 ||    11
       Scroll            |       |     3 |     7 |    14 |       ||    24
  Eat: Chunk             |       |     6 |    10 |    18 |     2 ||    36
       Ration            |       |       |       |     3 |     1 ||     4
Armor: Scale mail        |    24 |       |       |       |       ||    24
       Chain mail        |    38 |   163 |   156 |    34 |       ||   391
       Plate armour      |       |       |       |   342 |       ||   342
       Quicksilver drago |       |       |       |   119 |    83 ||   202
Dodge: Dodged            |    41 |    58 |    70 |   293 |    80 ||   542
Block: Shield            |    69 |   148 |   152 |   487 |    70 ||   926
       Rpst.: Long sword |     7 |    15 |     2 |       |       ||    24
       Falchion          |       |       |    10 |    53 |     9 ||    72
